 Dungeon Crawl Stone Soup version 0.17-a0-1378-g281efdd (webtiles) character file.

4272 Steifyn the Cleaver (level 10, 0/79 HPs)
             Began as a Demonspawn Fighter on June 14, 2015.
             Was a Believer of Nemelex Xobeh.
             Slain by a water moccasin (6 damage)
             ... on level 1 of the Lair of Beasts.
             The game lasted 00:35:54 (4843 turns).

Steifyn the Cleaver (Demonspawn Fighter)            Turns: 4843, Time: 00:35:54

Health: 0/79       AC: 18    Str: 21    XL:     10   Next: 10%
Magic:  10/10      EV: 13    Int:  9    God:    Nemelex Xobeh [**....]
Gold:   398        SH:  8    Dex: 20    Spells: 0 memorised, 9 levels left

rFire  + . .     SeeInvis .     a - +1 war axe
rCold  x . .     Clarity  +     b - +1 scale mail
rNeg   . . .     SustAt   +     x - +2 buckler
rPois  .         Gourm    .     l - +0 helmet
rElec  .         Spirit   .     (no cloak)
rCorr  .         Warding  .     c - +2 pair of fencer's gloves {LBl+4 SBl+4 EV+3 Dex+6}
rMut   .         Stasis   .     q - +0 pair of boots
MR     .....                    (no amulet)
Stlth  +.........               k - ring of fire
                                j - ring of sustain attributes

@: not resistant to hostile enchantments, very unstealthy
A: talons 2, yellow scales 2, agile 1, blurry vision 1, clarity, powered by pain
2, shaggy fur 1, spiny 2, wild magic 1
a: Renounce Religion


You were on level 1 of the Lair of Beasts.
You worshipped Nemelex Xobeh.
Nemelex Xobeh was pleased with you.
You were not hungry.

You visited 2 branches of the dungeon, and saw 7 of its levels.

You collected 398 gold pieces.

Inventory:

Hand weapons
 a - a +1 war axe (weapon)
Armour
 b - a +1 scale mail (worn)
 c - the +2 pair of fencer's gloves (worn) {LBl+4 SBl+4 EV+3 Dex+6}
   (You found it on level 1 of the Lair of Beasts)

   It affects your evasion (+3).
   It affects your dexterity (+6).
 l - a +0 helmet (worn)
 q - a +0 pair of boots (worn)
 x - a +2 buckler (worn)
Jewellery
 j - a ring of sustain attributes (left hand)
 k - a ring of fire (right hand)
Magical devices
 d - a wand of flame (17)
 e - a wand of fireball (5)
 p - a wand of lightning (6)
 r - a wand of draining (5)
 s - a wand of magic darts (38)
 t - a wand of frost (30)
 y - a wand of lightning (5)
Scrolls
 f - a scroll of blinking
 i - 2 scrolls of remove curse
 w - a scroll of identify
 z - a scroll of magic mapping
Comestibles
 g - a beef jerky
 m - 10 royal jellies
 n - 4 bread rations
 o - 12 fruits
 u - 3 meat rations


   Skills:
 + Level 7.3 Fighting
 * Level 8.6 Axes
 + Level 6.6 Armour
 - Level 0.5 Dodging
 + Level 6.6 Shields


You had 9 spell levels left.
You didn't know any spells.

Dungeon Overview and Level Annotations

Branches:
Dungeon (8/15)               Lair (1/8) D:8
 Temple: D:4-7

Altars:
Cheibriados
Dithmenos
Nemelex Xobeh
Okawaru
Trog
Vehumet
The Shining One

Annotations:
Lair:1 North's ghost, experienced MiFi


Innate Abilities, Weirdness & Mutations

You have razor-sharp toenails.
You are mostly covered in yellow scales (AC +3).
You sometimes gain power by taking damage.
You are mostly covered in sharp spines.
You are agile. (Dex +2)
Scrolls take you a little longer to read.
You possess an exceptional clarity of mind.
You are covered in fur (AC +1).
Your spells are a little harder to cast, but a little more powerful.


Message History

Mmm...
Super Supreme.
You hit the water moccasin.
The water moccasin is lightly wounded.
You block the water moccasin's attack.
You slice the water moccasin!!
The water moccasin is severely wounded.
The water moccasin closely misses you. You block the water moccasin's attack.
You hit the water moccasin.
The water moccasin is severely wounded.
The water moccasin is struck by your spines.
The water moccasin barely misses you.
You barely miss the water moccasin.
The water moccasin is almost dead.
You block the water moccasin's attack. The water moccasin bites you.
* * * LOW HITPOINT WARNING * * *
You closely miss the water moccasin.
The water moccasin is almost dead.
The water moccasin bites you.
You die...
Your body glows slightly and disappears.

.....###..........#*
.^................#
....P.............##
...P###............#
...####............#
....##............#*
..#####...........# ..#
##...>.....S.# .##
##..........@## .P*
#............# ###
##...........# .*
#..........## ### #*
#..........# ###P####
###.#......##
###......#
#########.####........#
#..#..........#
##............#


You could see a water moccasin.

Vanquished Creatures
  A black mamba (Lair:1)
  A wyvern (D:8)
  A deep elf fighter (D:8)
  2 hungry ghosts
  3 wolves (Lair:1)
  2 sky beasts (D:8)
  An orc warrior (D:7)
  2 ice beasts
  2 black bears (D:8)
  An ogre (D:6)
  A porcupine (Lair:1)
  2 necrophages
  3 phantoms (D:6)
  4 crocodiles
  3 giant frogs
  4 crimson imps
  4 orc priests (D:8)
  3 jellies (D:8)
  2 centaur skeletons (D:8)
  A hound (D:7)
  2 orc wizards
  2 worker ants (D:6)
  4 iguanas
  2 hound zombies (D:6)
  Robin (D:3)
  5 adders
  4 gnolls (D:7)
  A shadow imp (D:7)
  8 river rats
  6 oozes
  An adder zombie (D:6)
  2 worms
  3 giant geckos
  20 orcs
  11 bats
  A bat skeleton (D:7)
  3 hobgoblins
  A giant gecko zombie (D:6)
  9 giant newts (D:2)
  14 goblins
  3 kobolds
  12 rats
158 creatures vanquished.

Vanquished Creatures (collateral kills)
  The ghost of onwiheg the Spear-Bearer, an experienced NaGl of Cheibriados (D:6)
  An orc priest (D:8)
  An orc wizard (D:8)
3 creatures vanquished.

Vanquished Creatures (others)
  A fungus (D:8)
1 creature vanquished.

Grand Total: 162 creatures vanquished

Notes
Turn   | Place    | Note
--------------------------------------------------------------
     0 | D:1      | Steifyn the Demonspawn Fighter began the quest for the Orb.
     0 | D:1      | Reached XP level 1. HP: 18/18 MP: 1/1
   326 | D:1      | Found a glowing golden altar of the Shining One.
   363 | D:2      | Gained mutation: You sometimes gain a little power by taking damage. [demonic ancestry]
   363 | D:2      | Reached XP level 2. HP: 22/24 MP: 2/2
   391 | D:2      | Found a radiant altar of Vehumet.
   838 | D:2      | Gained mutation: You are partially covered in yellow scales (AC +2). [demonic ancestry]
   838 | D:2      | Reached XP level 3. HP: 26/29 MP: 3/3
  1121 | D:3      | Noticed Robin
  1141 | D:3      | Killed Robin
  1244 | D:3      | Gained mutation: You are partially covered in sharp spines. [demonic ancestry]
  1244 | D:3      | Reached XP level 4. HP: 36/36 MP: 4/4
  1291 | D:3      | You fall through a shaft for 3 floors!
  1291 | D:6      | Found a sparkling altar of Nemelex Xobeh.
  1293 | D:6      | Became a worshipper of Nemelex Xobeh the Trickster
  1347 | D:6      | Received a gift from Nemelex Xobeh
  1446 | D:6      | Noticed onwiheg's ghost (experienced NaGl)
  1482 | D:6      | Killed onwiheg's ghost
  1482 | D:6      | Reached skill level 4 in Fighting
  1482 | D:6      | Gained mutation: You sometimes gain power by taking damage. [demonic ancestry]
  1482 | D:6      | Reached XP level 5. HP: 7/42 MP: 5/5
  1482 | D:6      | Gained mutation: You are mostly covered in sharp spines. [demonic ancestry]
  1482 | D:6      | Reached XP level 6. HP: 8/48 MP: 6/6
  2124 | D:6      | Noticed an ice beast
  2132 | D:6      | Killed an ice beast
  2132 | D:6      | Gained mutation: You are mostly covered in yellow scales (AC +3). [demonic ancestry]
  2132 | D:6      | Reached XP level 7. HP: 23/55 MP: 7/7
  2350 | D:6      | Noticed a phantom
  2361 | D:6      | Killed a phantom
  2416 | D:6      | Noticed a phantom
  2431 | D:6      | Killed a phantom
  2431 | D:6      | Reached skill level 5 in Axes
  2466 | D:6      | Reached skill level 5 in Fighting
  2541 | D:6      | Noticed a hungry ghost
  2554 | D:6      | Killed a hungry ghost
  2554 | D:6      | Gained mutation: You have sharp toenails. [demonic ancestry]
  2554 | D:6      | Reached XP level 8. HP: 60/62 MP: 8/8
  2848 | D:7      | Reached skill level 5 in Shields
  2861 | D:7      | Gained mutation: Scrolls take you a little longer to read. [potion of mutation]
  2861 | D:7      | Gained mutation: You possess an exceptional clarity of mind. [potion of mutation]
  2861 | D:7      | Gained mutation: Your spells are a little harder to cast, but a little more powerful. [potion of mutation]
  2873 | D:7      | Reached skill level 5 in Armour
  2906 | D:7      | Reached skill level 6 in Axes
  3087 | D:7      | Gained mutation: You are covered in fur (AC +1). [potion of mutation]
  3087 | D:7      | Gained mutation: You are agile. (Dex +2) [potion of mutation]
  3408 | D:7      | Found a shadowy altar of Dithmenos.
  3565 | D:7      | Found an iron altar of Okawaru.
  3565 | D:7      | Found a snail-covered altar of Cheibriados.
  3567 | D:7      | Found a glowing golden altar of the Shining One.
  3749 | D:8      | Found a bloodstained altar of Trog.
  3946 | D:8      | Gained mutation: You have razor-sharp toenails. [demonic ancestry]
  3946 | D:8      | Reached XP level 9. HP: 64/69 MP: 9/9
  4074 | D:8      | Reached skill level 7 in Axes
  4472 | D:8      | Found a staircase to the Lair.
  4525 | D:8      | Reached skill level 8 in Axes
  4574 | Lair:1   | Entered Level 1 of the Lair of Beasts
  4748 | Lair:1   | Noticed a black mamba
  4754 | Lair:1   | Killed a black mamba
  4786 | Lair:1   | Reached XP level 10. HP: 65/79 MP: 10/10
  4817 | Lair:1   | Noticed North's ghost (experienced MiFi)
  4843 | Lair:1   | Slain by a water moccasin

Vault maps used:
D:1:      matt_arrival_spirals, minmay_stone_trees_small,
          kennysheep_pointless_box, tso_altar
D:2:      old_standard_altar, minmay_misc_feat_tiny, minmay_lizard_king
D:3:      old_standard_altar, ecumenical_altar_1, first_bread, uniq_robin
D:6:      minmay_liquid_box, nemelex_spade_bored_becter
D:7:      nicolae_overflow_hidden_temple, grunt_dithmenos_smoke
D:8:      grunt_lair_entry_elf_guard_hut, hangedman_decor_lopped,
          hangedman_little_slice_of_home, roderic_ancient_swastika,
          trog_ov_bears_minmay
Lair:1:   grunt_megastairs_3

Action                   |  1- 3 |  4- 6 |  7- 9 | 10-12 || total
-------------------------+-------+-------+-------+-------++-------
Melee: War axe           |   128 |    36 |   272 |    20 ||   456
Evoke: Deck              |       |     4 |     1 |       ||     5
       Wand              |       |       |     5 |       ||     5
  Use: Scroll            |     4 |     1 |     7 |     1 ||    13
       Potion            |     1 |     2 |     8 |       ||    11
  Eat: Bread ration      |     1 |       |       |       ||     1
       Beef jerky        |       |     1 |       |       ||     1
       Fruit             |       |       |     3 |       ||     3
       Pizza             |       |       |     2 |     1 ||     3
       Royal jelly       |       |       |     1 |       ||     1
